 Dungeon Crawl Stone Soup version 0.19-a0-517-gd6a9987 (webtiles) character file.

329 Ijustatesigmund the Cutter (level 6, -5/60 HPs)
             Began as a Kobold Berserker on June 6, 2016.
             Was a Priest of Trog.
             Killed by divine providence
             ... invoked by an orc priest
              (18 damage)
             ... on level 3 of the Dungeon.
             The game lasted 00:07:51 (2883 turns).

Ijustatesigmund the Cutter (Kobold Berserker)       Turns: 2883, Time: 00:07:52

Health: -5/60      AC:  8    Str: 21    XL:     6   Next: 80%
Magic:  6/6        EV: 14    Int:  5    God:    Trog [***...]
Gold:   81         SH:  0    Dex: 17    Spells: 0 memorised, 5 levels left

rFire  . . .     SeeInvis .     e - +5 dagger
rCold  + . .     Gourm    .     m - +2 ring mail {rC+}
rNeg   . . .     Faith    .     (shield restricted)
rPois  .         Spirit   .     q - +0 helmet
rElec  .         Dismiss  .     (no cloak)
rCorr  .         Reflect  .     (no gloves)
SustAt .         Harm     +     (no boots)
MR     ++...                    g - amulet of harm
Stlth  ..........               (no ring)
                                (no ring)

@: berserking, regenerating, very quick, very resistant to hostile enchantments,
extremely unstealthy
A: carnivore 3
a: Berserk, Trog's Hand, Burn Spellbooks, Renounce Religion


You were on level 3 of the Dungeon.
You worshipped Trog.
Trog was most pleased with you.
You were not hungry.

You visited 1 branch of the dungeon, and saw 3 of its levels.

You collected 81 gold pieces.

Inventory:

Hand Weapons
 a - a +0 short sword
 e - a +5 dagger (weapon)
Armour
 m - a +2 ring mail of cold resistance (worn)
 q - a +0 helmet (worn)
Jewellery
 g - an amulet of harm (around neck)
Scrolls
 b - 3 scrolls of remove curse
 f - a scroll of teleportation
Potions
 h - a potion of resistance {unknown}
 i - a potion of agility {unknown}
 j - a potion of beneficial mutation {unknown}
 k - a potion of curing {unknown}
 l - a potion of ambrosia {unknown}
 n - a potion of cancellation {unknown}
 o - a potion of magic {unknown}
Comestibles
 c - 3 meat rations
 d - a slice of pizza


   Skills:
 + Level 5.0 Fighting
 + Level 6.5 Short Blades
 - Level 1.5 Armour
 + Level 2.5 Dodging
 + Level 4.9 Stealth


You had 5 spell levels left.
You didn't know any spells.

Dungeon Overview and Level Annotations

Branches:
Dungeon (3/15)

Altars:
Okawaru
Xom
The Shining One


Innate Abilities, Weirdness & Mutations

You are small and have problems with some larger weapons.
You are carnivorous and can eat meat at any time.


Message History

The hobgoblin hits you with a club.
* * * LOW HITPOINT WARNING * * *
The hobgoblin hits you but does no damage.
The goblin hits you but does no damage. Something hits you but does no damage.
You puncture the hobgoblin!
You kill the hobgoblin!
Trog accepts your kill.
The hobgoblin hits you but does no damage.
You hit the gnoll.
The gnoll is lightly wounded.
The goblin hits you but does no damage. Something hits you.
* * * LOW HITPOINT WARNING * * *
You puncture something! The gnoll barely misses you.
The hobgoblin hits you but does no damage.
You miss something. The goblin closely misses you. Something hits you.
* * * LOW HITPOINT WARNING * * *
You hit something.
The orc priest calls down the wrath of Beogh upon you.
Beogh smites you!
You die...

################ #..............#
+........!.....#
########.............)##+#
#..........# #).....#
'..........# #(.....#
#..........########......#
########....).o{@g....##+##≈≈≈≈≈≈
.'.......)gg)...# #≈≈≈≈≈≈
.#.........((...# #≈≈≈≈≈≈
####################### #≈≈≈≈≈≈
≈≈≈≈≈≈≈≈≈≈≈≈≈≈≈≈≈≈≈≈≈≈#####≈≈≈≈≈≈
≈≈≈≈≈≈≈≈≈≈≈≈≈≈≈≈≈≈≈≈≈≈≈≈≈≈≈≈≈≈≈≈≈
≈≈≈≈≈≈≈≈≈≈≈≈≈≈≈≈≈≈≈≈≈≈≈≈≈≈≈≈≈≈≈≈≈
.≈≈((≈≈≈≈≈≈≈≈≈.≈...≈.≈.≈≈..≈≈.≈≈†
.((..............................


You could see an orc priest, a gnoll, a hobgoblin and a goblin.

Vanquished Creatures
  Sigmund (D:2)
  Terence (D:2)
  4 adders
  A gnoll (D:3)
  A dart slug (D:2)
  A giant gecko (D:3)
  4 orcs (D:3)
  A giant cockroach (D:1)
  20 hobgoblins
  7 jackals
  A quokka (D:3)
  11 bats
  A giant gecko skeleton (D:1)
  7 giant newts
  20 goblins
  3 kobolds
  4 rats
88 creatures vanquished.

Notes
Turn   | Place    | Note
--------------------------------------------------------------
     0 | D:1      | Ijustatesigmund the Kobold Berserker began the quest for the Orb.
     0 | D:1      | Reached XP level 1. HP: 14/14 MP: 1/1
   305 | D:1      | Reached skill level 1 in Stealth
   309 | D:1      | Reached XP level 2. HP: 11/19 MP: 2/2
  1346 | D:2      | Found a shimmering altar of Xom.
  1359 | D:2      | Reached XP level 3. HP: 22/23 MP: 3/3
  1442 | D:2      | Reached ** piety under Trog
  1551 | D:2      | Noticed Terence
  1558 | D:2      | Killed Terence
  1558 | D:2      | Reached skill level 5 in Short Blades
  1558 | D:2      | Reached XP level 4. HP: 29/29 MP: 4/4
  1599 | D:2      | Noticed Sigmund
  1615 | D:2      | Killed Sigmund
  1615 | D:2      | Reached skill level 6 in Short Blades
  1615 | D:2      | Reached XP level 5. HP: 28/34 MP: 5/5
  1615 | D:2      | Reached XP level 6. HP: 32/39 MP: 6/6
  1898 | D:2      | Found an iron altar of Okawaru.
  2252 | D:3      | Reached *** piety under Trog
  2666 | D:3      | Found a glowing golden altar of the Shining One.
  2865 | D:3      | Reached skill level 5 in Fighting
  2883 | D:3      | Killed from afar by an orc priest

Vault maps used:
D:1:      dpeg_arrival_round_a
D:2:      xom_teletrap_fun, kennysheep_okawaru_gauntlet,
          kennysheep_another_room, uniq_sigmund, uniq_terence
D:3:      minmay_goblin_kobold_castle, first_bread, nicolae_tso_carved_into_rock

Skill      XL: |  1  2  3  4  5  6 |
---------------+-------------------+-----
Stealth        | 1 2 3 4 |  4.9
Short Blades   | 5 6 |  6.5
Fighting       | 4 5 |  5.0
Armour         | |  1.5
Dodging        | |  2.5

Action                   |  1- 3 |  4- 6 || total
-------------------------+-------+-------++-------
Melee: Short sword       |    10 |       ||    10
       Dagger            |    61 |   157 ||   218
Invok: Berserk           |     1 |     2 ||     3
       Trog's Hand       |       |     3 ||     3
       Burn Spellbooks   |       |     1 ||     1
  Use: Scroll            |     3 |     5 ||     8
       Potion            |       |     1 ||     1
 Stab: Sleeping          |     4 |     4 ||     8
  Eat: Chunk             |     6 |     7 ||    13
Armor: Animal skin       |    10 |       ||    10
       Ring mail         |       |    60 ||    60
Dodge: Dodged            |    43 |   130 ||   173
